 Dungeon Crawl Stone Soup version 0.27-a0-1579-g97d2440184 (webtiles) character file.

Game seed: 17742404141315804756

471 dynsetu the Magician (level 6, -5/31 (32) HPs)
             Began as a Deep Elf Fire Elementalist on July 17, 2021.
             Slain by a wight (15 damage)
             ... on level 4 of the Dungeon.
             The game lasted 00:09:02 (3329 turns).

dynsetu the Magician (Deep Elf Fire Elementalist)   Turns: 3329, Time: 00:09:02

HP:   -5/31 (32)    AC:  2    Str:  5    XL:     6   Next: 83%
MP:   12/16         EV: 13    Int: 22    God:
Gold: 143           SH:  0    Dex: 21    Spells: 5/16 levels left

rFire    . . .     SeeInvis .   s - +3 short sword (freeze)
rCold    + . .     Faith    .   (no shield)
rNeg     . . .     Spirit   .   a - +0 robe
rPois    .         Reflect  .   (no helmet)
rElec    .         Harm     .   (no cloak)
rCorr    .         Rampage  .   (no gloves)
Will     .....                  (no boots)
Stlth    +++.......             q - amulet of the acrobat
HPRegen  0.10/turn              d - ring of protection from cold
MPRegen  0.15/turn              l - +6 ring of dexterity

@: lightly drained
A: no striking features
a: no special abilities


You were on level 4 of the Dungeon.
You visited 1 branch of the dungeon, and saw 4 of its levels.

You collected 143 gold pieces.

Inventory:

Hand Weapons
 s - a +3 short sword of freezing (weapon)
Armour
 a - a +0 robe (worn)
Jewellery
 d - a ring of protection from cold (left hand)
 e - a ring of resist corrosion
 j - a ring of protection from fire
 l - a +6 ring of dexterity (right hand)
 q - an amulet of the acrobat (around neck)
Scrolls
 b - 2 scrolls of enchant weapon {unknown}
 c - 9 scrolls of identify {unknown}
 g - 2 scrolls of noise {unknown}
 h - a scroll of fear {unknown}
 k - a scroll of blinking {unknown}
 m - a scroll of vulnerability {unknown}
 o - a scroll of enchant armour {unknown}
 r - a scroll of torment {unknown}
Potions
 f - 2 potions of brilliance {unknown}
 i - 3 potions of mutation {unknown}
 n - 2 potions of lignification {unknown}


   Skills:
 + Level 3.0 Dodging
 + Level 4.0 Stealth
 + Level 5.8 Spellcasting
 + Level 4.1 Conjurations
 + Level 5.2 Fire Magic


You had 5 spell levels left.
You knew the following spells:

 Your Spells              Type           Power      Damage    Failure   Level
a - Foxfire               Conj/Fire      100%       2x1d9     1%          1
b - Conjure Flame         Conj/Fire      27%        6-21      4%          3
c - Inner Flame           Hex/Fire       17%        N/A       10%         3
d - Sticky Flame          Conj/Fire      27%        2d5       14%         4

Your spell library contained the following spells:

 Spells                   Type           Power      Damage    Failure   Level
 Fireball                 Conj/Fire      13%        3d7       36%         5


Dungeon Overview and Level Annotations

Branches:
Dungeon (4/15)
 Temple: D:4-7

Altars:

Shops:
D:1 ((([


Message History

Things that are here:
a +3 short sword of freezing; a +0 robe
s - a +3 short sword of freezing Your +0 dagger of freezing stops glowing.
Your +3 short sword of freezing glows with a cold blue light!
s - a +3 short sword of freezing (weapon)
Drop what? 19/52 slots (_ for help) (? for menu, Esc to quit)
You drop a +0 dagger of freezing.
A wight comes into view. It is wielding a +3 battleaxe.
There is an open door here.
Casting: Foxfire (safe; 1% risk of failure)
Confirm with . or Enter, or press ? or * to list all spells.
You conjure some foxfire!
Casting: Foxfire (safe; 1% risk of failure)
Confirm with . or Enter, or press ? or * to list all spells.
You conjure some foxfire!
The foxfire hits the wight but does no damage.
The foxfire hits the wight.
The wight is lightly damaged.
The wight hits you with a +3 battleaxe!
Ouch! That really hurt!
You feel drained.
The wight hits your foxfire with a +3 battleaxe! x2
The foxfire hits the wight.
The wight is heavily damaged.
The foxfire hits the wight.
The wight is almost destroyed.
Casting: Foxfire (safe; 1% risk of failure)
Confirm with . or Enter, or press ? or * to list all spells.
You conjure some foxfire!
The wight barely misses you. The wight closely misses your foxfire.
Casting: Foxfire (safe; 1% risk of failure)
Confirm with . or Enter, or press ? or * to list all spells.
You conjure some foxfire!
The foxfire hits the wight but does no damage.
The wight is almost destroyed.
The foxfire hits the wight but does no damage.
The wight is almost destroyed.
The wight hits you with a +3 battleaxe!
You die...

...#....#.#.........# #..#
..##....#.##........# #..#
....................# #..#
..#####.#.##........# #†.#
..# #.#.##........# #..# ..#
#.#.##........###..#### ..#
#.#.##...>)...'.......#
..#####.#.##.....§..###..##.#
...........'...z@v..# #..##.#
..#####.#.##.....v..# #..##.#
..........########### #..##.#
#.#####.#.# #..##.# #.# #.#.#
#.###.# #.# #.#.# #.# #.# #.#
#.#.# #.###.### #.#####.#.#
#.......# ........#.#
#.###.###


You could see a wight (ally target).

Vanquished Creatures
  A black bear (D:4)
  A bullfrog (D:4)
  A water moccasin skeleton (D:4)
  2 wights (D:4)
  Natasha (thrice) (D:2)
  3 adders (D:4)
  A gnoll (D:1)
  A worm (D:3)
  2 dart slugs
  An orc (D:3)
  6 ball pythons
  3 endoplasms
  3 giant cockroaches
  7 goblins
  8 hobgoblins
  6 jackals
  3 kobolds
  2 quokkas (D:2)
  A bat (D:3)
  3 frilled lizards
58 creatures vanquished.

Vanquished Creatures (others)
  229 foxfires
229 creatures vanquished.

Grand Total: 287 creatures vanquished

Notes
Turn   | Place    | Note
-------+----------+-------------------------------------------
     0 | D:1      | dynsetu the Deep Elf Fire Elementalist began the quest for
                  | the Orb.
     0 | D:1      | Reached XP level 1. HP: 10/10 MP: 6/6
   225 | D:1      | Reached XP level 2. HP: 15/15 MP: 6/8
   242 | D:1      | Found Xiassakh's Weapon Boutique.
   450 | D:1      | Found Adeefa Lime's Weapon Shoppe.
   477 | D:1      | Found Denil's Antique Weapon Shop.
   613 | D:1      | Found Wanomow's Antique Armour Shoppe.
   671 | D:1      | You fall into a shaft and drop 1 floor!
   703 | D:2      | Found a faded altar of an unknown god.
   791 | D:2      | Noticed Natasha
   792 | D:2      | Reached XP level 3. HP: 19/19 MP: 5/10
  1074 | D:2      | Learned a level 3 spell: Conjure Flame
  1078 | D:2      | Learned a level 3 spell: Inner Flame
  1269 | D:2      | Killed Natasha
  1270 | D:2      | Reached XP level 4. HP: 24/24 MP: 7/12
  1281 | D:2      | Noticed Natasha
  1292 | D:2      | Killed Natasha
  1387 | D:2      | Noticed Natasha
  1392 | D:2      | Killed Natasha
  1859 | D:3      | Reached XP level 5. HP: 28/28 MP: 11/14
  1889 | D:3      | Learned a level 4 spell: Sticky Flame
  2421 | D:4      | Reached skill level 5 in Spellcasting
  2552 | D:4      | Reached skill level 5 in Fire Magic
  2917 | D:4      | Reached XP level 6. HP: 23/32 MP: 13/16
  3329 | D:4      | Slain by a wight

Illustrated notes

Levels and vault maps discovered:
D:1:      minmay_arrival_split_and_join, layout_basic, serial_shops, shop, shop,
          shop, shop_fountains, amcnicky_mini_corridor_feature, st_stairs_12
D:2:      layout_rooms, hellmonk_ecumenical_altar_arch_garden, uniq_natasha
D:3:      layout_loops_cross, serial_forest, infiniplex_forest_lined_2,
          st_stairs_4
D:4:      layout_basic, feat_on_display

Skill      XL: |  1  2  3  4  5  6 |
---------------+-------------------+-----
Fire Magic     | 4 5 |  5.2
Spellcasting   | 4 5 |  5.8
Stealth        | 3 4 |  4.0
Conjurations   | 2 3 4 |  4.1
Dodging        | 3 |  3.0

Action                   |  1- 3 |  4- 6 || total
-------------------------+-------+-------++-------
Melee: Dagger            |     8 |     7 ||    15
 Cast: Foxfire           |    49 |    90 ||   139
       Conjure Flame     |       |     2 ||     2
 Stab: Sleeping          |       |     2 ||     2
Armor: Robe              |     2 |     3 ||     5
Dodge: Dodged            |     8 |    17 ||    25

Table legend: (Time is in decaauts)
 A = Elapsed time spent in this place.
 B = Non-inter-level travel time spent in this place.
 C = Inter-level travel time spent in this place.
 D = Time resting spent in this place.
 E = Time spent auto-exploring this place.
 F = Levels seen in this place.
 G = Mean time per level.
                   A        B        C        D        E       F      G
               +--------+--------+--------+--------+--------+-----+--------+
         Total |   3327 |   3214 |    113 |     33 |   2725 |   4 |  831.8 |
       Dungeon |   3327 |   3214 |    113 |     33 |   2725 |   4 |  831.8 |
               +--------+--------+--------+--------+--------+-----+--------+

Top non-repeatable levels by time:
     D:4: 917 daAuts
     D:3: 844 daAuts
     D:1: 830 daAuts
     D:2: 735 daAuts
